 Dungeon Crawl Stone Soup version 0.29.0 (webtiles) character file.

Game seed: 4431074319381277853

2002 mattm the Fighter (level 9, -6/81 HPs)
             Began as a Hill Orc Cinder Acolyte on Sept 11, 2022.
             Was a Believer of Ignis.
             Mangled by a two-headed ogre
             ... wielding a +0 giant club
              (26 damage)
             ... on level 6 of the Dungeon.
             The game lasted 00:15:51 (7954 turns).

mattm the Fighter (Hill Orc Cinder Acolyte)         Turns: 7954, Time: 00:15:51

Health: -6/81      AC: 17    Str: 21    XL:     9   Next: 22%
Magic:  10/10      EV: 10    Int: 14    God:    Ignis [**....]
Gold:   336        SH:  0    Dex:  6    Spells: 10/10 levels left

rFire   + . .      SeeInvis .   D - +0 battleaxe
rCold   . . .      Faith    .   (shield currently unavailable)
rNeg    . . .      Spirit   .   r - +0 ring mail
rPois   .          Reflect  .   (no helmet)
rElec   .          Harm     .   (no cloak)
rCorr   .          Rampage  .   (no gloves)
Will    .....                   (no boots)
Stlth   ..........              (no amulet)
HPRegen 0.23/turn               f - +4 ring of protection
MPRegen 0.12/turn               (no ring)

@: fiery-armoured
A: no striking features
a: Renounce Religion, Fiery Armour, Foxfire Swarm, Rising Flame


You were on level 6 of the Dungeon.
You worshipped Ignis.
Ignis was pleased with you.
You visited 1 branch of the dungeon, and saw 6 of its levels.

You collected 336 gold pieces.

Inventory:

Hand Weapons
 a - a -1 hand axe of flaming
 t - a +0 arbalest
 D - a +0 battleaxe (weapon)
Armour
 k - a +0 plate armour
 r - a +0 ring mail (worn)
 x - a +0 kite shield
Jewellery
 f - a +4 ring of protection (left hand)
 j - a ring of fire
 v - a ring of wizardry
 z - a ring of magical power
Wands
 b - a wand of flame (15)
 H - a wand of mindburst (14)
Scrolls
 d - a scroll of magic mapping {unknown}
 e - a scroll of vulnerability {unknown}
 l - 3 scrolls of identify {unknown}
 m - a scroll of blinking {unknown}
 p - a scroll of summoning {unknown}
 q - 2 scrolls of torment {unknown}
 w - 2 scrolls of teleportation {unknown}
 y - 2 scrolls of immolation {unknown}
 A - a scroll of brand weapon {unknown}
 E - 2 scrolls of silence {unknown}
 G - 2 scrolls of noise {unknown}
 I - a scroll of enchant weapon {unknown}
Potions
 c - 5 potions of curing {unknown}
 g - 2 potions of brilliance {unknown}
 h - a potion of heal wounds {unknown}
 i - 2 potions of magic {unknown}
 n - a potion of invisibility {unknown}
 o - a potion of resistance {unknown}
 s - 2 potions of berserk rage {unknown}
 u - a potion of cancellation {unknown}
 B - 2 potions of attraction {unknown}
 C - a potion of degeneration {unknown}
 F - 3 potions of ambrosia {unknown}


   Skills:
 - Level 8.0 Fighting
 + Level 7.2 Axes
 - Level 8.0 Armour
 - Level 5.6 Shields
 - Level 1.0 Spellcasting
 - Level 3.2 Fire Magic


You had 10 spell levels left.
You didn't know any spells.
Your spell library contained the following spells:

 Spells                   Type           Power      Damage    Failure   Level
 Scorch                   Fire           18%        2d6       16%         2
 Apportation              Tloc           0%         N/A       36%         1
 Magic Dart               Conj           0%         1d3       36%         1
 Necrotise                Necr           0%         1d4       36%         1
 Summon Small Mammal      Summ           0%         N/A       36%         1
 Call Imp                 Summ           0%         N/A       52%         2
 Mephitic Cloud           Conj/Pois/Air  0%         N/A       75%         3
 Chain Lightning          Conj/Air       0%         N/A       100%        9
 Fire Storm               Conj/Fire      2%         8d1       100%        9
 Shatter                  Erth           0%         3d5*      100%        9


Dungeon Overview and Level Annotations

Branches:
Dungeon (6/15)
 Temple: D:4-7

Altars:
Ashenzari
Elyvilon
Gozag
Sif Muna
Uskayaw
Wu Jian
Yredelemnul
The Shining One

Shops:
D:2 =

Annotations:
D:3 2 transporters


Message History

Found an opulent altar of Gozag.
Found a basalt altar of Yredelemnul and an ornate altar of the Wu Jian Council.
A two-headed ogre comes into view.
It is wielding a +0 giant club and a +0 dire flail.
The two-headed ogre shouts in stereo!
A protective cloak of flame settles atop you.
An ice beast comes into view.
You barely miss the two-headed ogre.
The two-headed ogre hits you with a +0 giant club!!
The two-headed ogre is burned by your cloak of flames.
The two-headed ogre is lightly wounded.
The two-headed ogre hits you with a +0 dire flail.
The two-headed ogre is burned by your cloak of flames.
The two-headed ogre is lightly wounded.
You hit the two-headed ogre but do no damage.
The two-headed ogre is lightly wounded.
The two-headed ogre hits you with a +0 giant club!
The two-headed ogre is burned by your cloak of flames.
The two-headed ogre is lightly wounded.
The two-headed ogre hits you with a +0 dire flail!
The two-headed ogre is burned by your cloak of flames.
The two-headed ogre is moderately wounded.
You are too injured to fight recklessly!
You are too injured to fight recklessly!
You are too injured to fight recklessly!
You barely miss the two-headed ogre.
The two-headed ogre is moderately wounded.
The two-headed ogre barely misses you. The two-headed ogre closely misses you.
You slash the two-headed ogre!
The two-headed ogre is heavily wounded.
You barely miss the two-headed ogre.
The two-headed ogre is heavily wounded.
The two-headed ogre closely misses you.
The two-headed ogre hits you with a +0 dire flail!!
* * * LOW HITPOINT WARNING * * *
The two-headed ogre is burned by your cloak of flames.
The two-headed ogre is heavily wounded.
You hit the two-headed ogre but do no damage.
The two-headed ogre is heavily wounded.
The two-headed ogre hits you with a +0 giant club!!
You die...

.###.#### .##.....#
###.###.# ##..# #.#
### ##..###.# ##.##
........# ##.#.##
#......#####.###.##
#.#.........## ##.#
#.##.#######.# #@##
#.##.# #.#O##
#.##.# #Y# #.##+#
#.# #.# . . #. # .
..


You could see a two-headed ogre and an ice beast.

Vanquished Creatures
  Sigmund (D:3)
  A water moccasin (D:5)
  A black bear (D:6)
  An ice beast (D:5)
  2 ogres
  2 centaurs (D:5)
  3 phantoms
  Blork the orc (D:5)
  4 jellies
  9 hounds
  An orc priest (D:6)
  2 orc wizards
  5 iguanas
  Natasha (thrice) (D:4)
  Robin (D:2)
  4 gnolls
  10 adders
  2 white imps
  2 worms
  A dart slug (D:3)
  15 orcs
  4 ball pythons
  6 endoplasms
  4 giant cockroaches
  21 goblins
  10 hobgoblins
  6 jackals
  10 kobolds
  5 quokkas
  8 bats
  3 frilled lizards
  2 rats
150 creatures vanquished.

Vanquished Creatures (others)
  31 foxfires
31 creatures vanquished.

Grand Total: 181 creatures vanquished

Notes
Turn   | Place    | Note
-------+----------+-------------------------------------------
     0 | D:1      | mattm the Hill Orc Cinder Acolyte began the quest for the
                  | Orb.
     0 | D:1      | Reached XP level 1. HP: 19/19 MP: 2/2
   231 | D:1      | Reached XP level 2. HP: 21/27 MP: 3/3
   371 | D:1      | Found a faded altar of an unknown god.
   696 | D:1      | Reached skill level 5 in Fighting
   696 | D:1      | Reached XP level 3. HP: 33/36 MP: 4/4
  1077 | D:2      | Noticed Robin
  1093 | D:2      | Killed Robin
  1094 | D:2      | Reached XP level 4. HP: 22/44 MP: 5/5
  1609 | D:2      | Found Gotruum's One-of-a-Kind Rings.
  2522 | D:3      | Reached XP level 5. HP: 45/51 MP: 6/6
  2704 | D:3      | Noticed Sigmund
  2712 | D:3      | Killed Sigmund
  2713 | D:3      | Reached skill level 1 in Armour
  2713 | D:3      | Reached XP level 6. HP: 59/61 MP: 7/7
  2836 | D:3      | Found a transporter.
  2868 | D:3      | Found a transporter.
  3118 | D:4      | Noticed Natasha
  3133 | D:4      | Killed Natasha
  3319 | D:4      | Found a broken altar of Ashenzari.
  3889 | D:4      | Noticed Natasha
  3903 | D:4      | Killed Natasha
  4053 | D:4      | Reached XP level 7. HP: 58/68 MP: 8/8
  4363 | D:4      | Noticed Natasha
  4374 | D:4      | Killed Natasha
  4444 | D:4      | Found a glowing golden altar of the Shining One.
  4686 | D:4      | Reached skill level 5 in Armour
  4903 | D:5      | Entered Level 5 of the Dungeon
  5333 | D:5      | Reached XP level 8. HP: 49/74 MP: 9/9
  5479 | D:5      | Found a hide-covered altar of Uskayaw.
  6037 | D:5      | Reached skill level 1 in Shields
  6393 | D:5      | Reached skill level 5 in Shields
  6979 | D:5      | Noticed Blork the orc
  6982 | D:5      | Killed Blork the orc
  7114 | D:5      | Found a shimmering blue altar of Sif Muna.
  7347 | D:6      | Reached skill level 5 in Axes
  7347 | D:6      | Reached XP level 9. HP: 79/81 MP: 10/10
  7892 | D:6      | Found a white marble altar of Elyvilon.
  7893 | D:6      | Found an opulent altar of Gozag.
  7895 | D:6      | Found a basalt altar of Yredelemnul.
  7895 | D:6      | Found an ornate altar of the Wu Jian Council.
  7944 | D:6      | Noticed a two-headed ogre
  7954 | D:6      | Mangled by a two-headed ogre

Illustrated notes

Levels and vault maps discovered:
D:1:      nzn_arrival_depleted_hourglass, layout_rooms,
          ebering_ecumenical_altar_rust, minmay_pentomino_x4
D:2:      layout_basic, chequers_serial_rivers_room_a,
          nicolae_shop_unique_rings, uniq_robin
D:3:      gammafunk_wand_slinger, layout_basic, uniq_sigmund
D:4:      layout_basic, tso_altar, overflow_temple_1_default,
          minmay_joined_circles, uniq_natasha
D:5:      layout_cave_pods, mainiacjoe_overflow_concentric_impassable,
          nicolae_sif_muna_little_library, nzn_random_ring, uniq_blork_the_orc
D:6:      layout_loops_corners, mainiacjoe_overflow_alcove_3,
          minmay_temple_entry_glassed_door,
          hangedman_abyss_or_decor_lesser_grid, uniq_crazy_yiuf_cottage

Skill      XL: |  1  2  3  4  5  6  7  8  9 |
---------------+----------------------------+-----
Fighting       | 4 5 6 8 |  8.0
Armour         | 1 4 7 8 |  8.0
Shields        | 5 |  5.6
Axes           | 5 7 |  7.2
Spellcasting   | |  1.0
Fire Magic     | |  3.2

Action                   |  1- 3 |  4- 6 |  7- 9 || total
-------------------------+-------+-------+-------++-------
Melee: Hand axe          |   111 |   256 |   254 ||   621
       Punch             |     1 |     5 |     4 ||    10
       Battleaxe         |       |       |    55 ||    55
Throw: Throwing net      |       |       |     2 ||     2
Invok: Fiery Armour      |     1 |     1 |     3 ||     5
       Foxfire Swarm     |       |     1 |     1 ||     2
Armor: Robe              |    58 |    35 |       ||    93
       Ring mail         |       |    83 |   149 ||   232
Dodge: Dodged            |    69 |   155 |   178 ||   402
